 Dungeon Crawl Stone Soup version 0.20.1-1-g8b1a95d (webtiles) character file.

652 vishdafish the Chopper (level 7, -12/61 HPs)
             Began as a Hill Orc Fighter on July 13, 2017.
             Was a Follower of Beogh.
             Killed by divine providence
             ... invoked by an orc priest
              (16 damage)
             ... on level 4 of the Dungeon.
             The game lasted 00:05:44 (3607 turns).

vishdafish the Chopper (Hill Orc Fighter)           Turns: 3607, Time: 00:05:46

Health: -12/61     AC:  9    Str: 20    XL:     7   Next: 54%
Magic:  7/7        EV:  8    Int:  8    God:    Beogh [*.....]
Gold:   173        SH: 10    Dex: 11    Spells: 6/6 levels left

rFire    . . .     SeeInvis .   a - +0 war axe
rCold    . . .     Gourm    .   c - +0 shield
rNeg     . . .     Faith    .   b - +0 scale mail
rPois    .         Spirit   .   m - +0 helmet
rElec    .         Reflect  .   (no cloak)
rCorr    +         Harm     .   (no gloves)
MR       .....     Rnd*Tele +   w - +0 pair of boots
Stlth    ..........             (no amulet)
Regen    0.2/turn               l - ring of resist corrosion
MPRegen  0.1/turn               e - ring of teleportation (curse)

@: invisible
A: no striking features
a: Renounce Religion


You were on level 4 of the Dungeon.
You worshipped Beogh.
Beogh was aware of your devotion.
You were very hungry.

You visited 1 branch of the dungeon, and saw 4 of its levels.

You collected 173 gold pieces.

Inventory:

Hand Weapons
 a - a +0 war axe (weapon)
Armour
 b - a +0 scale mail (worn)
 c - a +0 shield (worn)
 m - a +0 helmet (worn)
 w - a +0 pair of boots (worn)
Jewellery
 e - a cursed ring of teleportation (right hand)
 l - a ring of resist corrosion (left hand)
Scrolls
 i - 3 scrolls of amnesia
 j - a scroll of magic mapping
Potions
 d - 3 potions of might
 g - a potion of magic
 h - a potion of lignification
 p - a potion of flight {unknown}
 s - a potion of agility {unknown}
 x - a potion of mutation {unknown}
Comestibles
 f - 6 bread rations
 q - 3 meat rations
 u - 2 fruits


   Skills:
 + Level 5.4 Fighting
 + Level 6.7 Axes
 + Level 4.4 Armour
 + Level 1.4 Dodging
 + Level 0.3 Stealth
 + Level 5.5 Shields


You had 6 spell levels left.
You didn't know any spells.

Dungeon Overview and Level Annotations

Branches:
Dungeon (4/15)
 Temple: D:4-7

Altars:
Dithmenos
Elyvilon
Fedhas
Nemelex Xobeh
Qazlal
Ru
Trog
Uskayaw
Vehumet
Xom


Message History

You block the orc's attack.
The orc priest calls down the wrath of Beogh upon you.
Beogh smites you!
* * * LOW HITPOINT WARNING * * *
You hit the orc priest.
The orc priest is heavily wounded.
You hit the orc priest. You hit the orc. The orc hits you but does no damage.
The orc priest mumbles some strange prayers to Beogh against you.
Pain shoots through your body!
* * * LOW HITPOINT WARNING * * *
The orc priest calls upon Beogh to heal the orc priest.
The orc priest's wounds heal themselves!
Okay, then.
You fade into invisibility!
You block the orc's attack.
The orc priest hits you but does no damage.
The orc priest invokes the aid of Beogh against you.
Beogh smites you!
You die...
Beogh appreciates the orc priest's killing of a heretic priest.

..........##........# #.#.#
######.##.#########.# #...#
#.##.# #.####..## #.##.#
#.#.....# #.##.# #.#.###.#
######.##.# #.#.# #.#
....##.##.# #.#.###.#
###.##.##.#########<...##.#
.......##.##.(.(@o...#..#.#
#......##.##(...oo..###...#
..............#####..#..###
#......##<##.## ##...##
..........##.## ##.##
###..[........## #.#
###............# #.#
.....####......######.#
.###.# ##.####........#


You could see 2 orc priests and an orc.

Vanquished Creatures
  A phantom (D:4)
  A water moccasin skeleton (D:4)
  2 howler monkeys (D:4)
  A hound (D:4)
  A jelly (D:3)
  An orc priest (D:4)
  A bullfrog skeleton (D:4)
  2 orc wizards (D:4)
  An iguana (D:4)
  3 worker ants (D:4)
  Robin (D:2)
  5 adders
  An ooze (D:2)
  2 worms (D:2)
  3 dart slugs
  A leopard gecko (D:1)
  12 orcs
  3 ball pythons
  6 giant cockroaches
  4 hobgoblins
  8 jackals
  8 kobolds
  3 quokkas
  7 bats
  7 frilled lizards
  11 goblins
  A quokka skeleton (D:4)
  8 rats
105 creatures vanquished.

Notes
Turn   | Place    | Note
-------+----------+-------------------------------------------
     0 | D:1      | vishdafish the Hill Orc Fighter began the quest for the Orb.
     0 | D:1      | Reached XP level 1. HP: 19/19 MP: 1/1
    66 | D:1      | Reached XP level 2. HP: 27/27 MP: 2/2
    98 | D:1      | Reached skill level 3 in Axes
   163 | D:1      | You fall through a shaft!
   181 | D:2      | Reached XP level 3. HP: 28/33 MP: 3/3
   562 | D:1      | Reached XP level 4. HP: 35/40 MP: 4/4
   865 | D:2      | Found a white marble altar of Elyvilon.
   866 | D:2      | Found a shimmering altar of Xom.
  1192 | D:2      | Reached skill level 4 in Axes
  1201 | D:2      | Noticed Robin
  1218 | D:2      | Killed Robin
  1540 | D:2      | Reached XP level 5. HP: 47/47 MP: 5/5
  1871 | D:3      | Became a worshipper of Beogh the Brigand
  1943 | D:3      | Found a sacrificial altar of Ru.
  1945 | D:3      | Found a shadowy altar of Dithmenos.
  1949 | D:3      | Found a sparkling altar of Nemelex Xobeh.
  1949 | D:3      | Found a hide-covered altar of Uskayaw.
  1949 | D:3      | Found a blossoming altar of Fedhas.
  1950 | D:3      | Found a radiant altar of Vehumet.
  2146 | D:3      | Found a stormy altar of Qazlal.
  2462 | D:4      | Noticed a phantom
  2477 | D:4      | Killed a phantom
  2477 | D:4      | Reached skill level 5 in Axes
  2477 | D:4      | Reached XP level 6. HP: 53/53 MP: 6/6
  2521 | D:4      | Reached * piety under Beogh
  2521 | D:4      | Reached skill level 5 in Shields
  2526 | D:4      | HP: 2/53 [orc wizard/dagger (4)]
  2847 | D:4      | Reached skill level 1 in Dodging
  2872 | D:4      | Reached skill level 5 in Fighting
  2877 | D:4      | Reached skill level 6 in Axes
  2877 | D:4      | Reached XP level 7. HP: 33/61 MP: 7/7
  3265 | D:4      | Found a bloodstained altar of Trog.
  3607 | D:4      | Killed from afar by an orc priest

Skill      XL: |  1  2  3  4  5  6 |
---------------+-------------------+-----
Fighting       | 4 5 |  5.4
Axes           | 3 4 5 6 |  6.7
Shields        | 4 5 |  5.5
Armour         | 4 |  4.4
Dodging        | 1 |  1.4
Stealth        | |  0.3

Action                   |  1- 3 |  4- 6 |  7- 9 || total
-------------------------+-------+-------+-------++-------
Melee: War axe           |    68 |   191 |    73 ||   332
Invok: Convert to Beogh  |       |     1 |       ||     1
  Use: Scroll            |       |     4 |     5 ||     9
       Potion            |       |     1 |     1 ||     2
  Eat: Chunk             |       |     5 |     2 ||     7
       Fruit             |       |     1 |       ||     1
Armor: Scale mail        |    28 |    99 |    26 ||   153
       Skin              |       |     1 |       ||     1
Dodge: Dodged            |    26 |    44 |    23 ||    93
Block: Shield            |    40 |   122 |    39 ||   201
